 Dungeon Crawl Stone Soup version 0.27-a0-346-ga689d4a613 (webtiles) character file.

Game seed: 3169957091934756122

57 dolemite99 the Chopper (level 3, -2/29 HPs)
             Began as a Demonspawn Fighter on Feb 15, 2021.
             Killed by nerve-wracking pain
             ... invoked by Jessica
              (3 damage)
             ... on level 2 of the Dungeon.
             The game lasted 00:01:47 (1868 turns).

dolemite99 the Chopper (Demonspawn Fighter)         Turns: 1868, Time: 00:01:48

Health: -2/29      AC:  8    Str: 17    XL:     3   Next: 73%
Magic:  3/3        EV:  4    Int:  9    God:
Gold:   80         SH:  8    Dex: 12    Spells: 2/2 levels left

rFire    . . .     SeeInvis .   a - +0 war axe
rCold    . . .     Faith    .   c - +0 kite shield
rNeg     . . .     Spirit   .   j - +0 chain mail
rPois    .         Reflect  .   (no helmet)
rElec    .         Harm     .   (no cloak)
rCorr    .         Rampage  .   (no gloves)
Will     .....                  (no boots)
Stlth    ..........             (no amulet)
HPRegen  0.09/turn              (no ring)
MPRegen  0.16/turn              (no ring)

@: no status effects
A: magic regeneration
a: no special abilities


You were on level 2 of the Dungeon.
You visited 1 branch of the dungeon, and saw 2 of its levels.

You collected 80 gold pieces.

Inventory:

Hand Weapons
 a - a +0 war axe (weapon)
Missiles
 g - 83 stones (quivered)
 k - 43 bolts
 o - 52 arrows
Armour
 b - a +0 scale mail
 c - a +0 kite shield (worn)
 j - a +0 chain mail (worn)
Scrolls
 f - a scroll of amnesia {unknown}
 h - 2 scrolls of blinking {unknown}
 i - a scroll of enchant armour {unknown}
 l - a scroll of magic mapping {unknown}
 m - a scroll of fog {unknown}
 n - 2 scrolls of immolation {unknown}
 p - 2 scrolls of enchant weapon {unknown}
 q - a scroll of identify {unknown}
 t - a scroll of fear {unknown}
Potions
 d - a potion of might
 e - a potion of invisibility {unknown}
 r - a potion of curing {unknown}
 s - a potion of heal wounds


   Skills:
 - Level 3.0 Fighting
 + Level 3.7 Axes
 - Level 2.6 Armour
 - Level 2.6 Shields


You had 2 spell levels left.
You didn't know any spells.
Your spell library was empty.

Dungeon Overview and Level Annotations

Branches:
Dungeon (2/15)

Altars:
The Shining One

Annotations:
D:2 Jessica


Innate Abilities, Weirdness & Mutations

You regenerate magic rapidly.


Message History

Jessica shouts!
You hit Jessica.
Jessica is severely wounded.
Jessica drinks a potion.
Jessica is healed!
Jessica looks very angry.
Jessica barely misses you.
You hit Jessica.
Jessica is moderately wounded.
Jessica hits you but does no damage.
You hit Jessica but do no damage.
Jessica is moderately wounded.
You block Jessica's attack.
Jessica gestures wildly while chanting.
Jessica seems to speed up.
Your shield and chain mail prevent you from hitting Jessica.
Jessica is moderately wounded.
You block Jessica's attack. Jessica hits you but does no damage.
You closely miss Jessica.
Jessica is moderately wounded.
You block Jessica's attack. Jessica gestures at you while chanting.
Pain shoots through your body!
You hit Jessica but do no damage.
Jessica is moderately wounded.
Jessica hits you but does no damage.
Jessica shouts, "You're disturbing me!
I'll have to kill you!" Jessica hits you but does no damage.
You hit Jessica.
Jessica is severely wounded.
Jessica mumbles something strange.
Jessica hits you but does no damage. Jessica barely misses you.
Jessica casts a spell at you. Pain shoots through your body!
* * * LOW HITPOINT WARNING * * *
You hit Jessica.
Jessica is almost dead.
Jessica hits you but does no damage.
Jessica points at you and mumbles some strange words.
Pain shoots through your body!
You die...

.. ## ### ##.# .. ##.P.##.#.# #.
##.....P.#.# #. #PP###...#. #.
#P.#.#PPP### #@####P.#.#......
#.@..##.#.#.# ####
###..####.#########
..#######<.#...........
#######..^...........#####...
#.......#######...##....#....
#..####.......)...##.........
######...).#................#....
.........#........>...##....#....
.###.....##..............<......>


You could see Jessica (fast).

Vanquished Creatures
  An adder (D:2)
  2 dart slugs (D:1)
  3 giant cockroaches (D:2)
  7 hobgoblins
  4 jackals (D:1)
  6 kobolds (D:1)
  7 bats
  3 frilled lizards
  4 goblins
  4 rats
41 creatures vanquished.

Notes
Turn   | Place    | Note
-------+----------+-------------------------------------------
     0 | D:1      | dolemite99 the Demonspawn Fighter began the quest for the
                  | Orb.
     0 | D:1      | Reached XP level 1. HP: 18/18 MP: 1/1
    57 | D:1      | Gained mutation: You regenerate magic rapidly. [demonic
                  | ancestry]
    57 | D:1      | Reached XP level 2. HP: 18/24 MP: 2/2
  1108 | D:2      | Reached XP level 3. HP: 25/29 MP: 3/3
  1679 | D:2      | Found a glowing golden altar of the Shining One.
  1860 | D:2      | Noticed Jessica
  1867 | D:2      | HP: 1/29 [Jessica/nerve-wracking pain (14)]
  1868 | D:2      | Killed from afar by Jessica

Illustrated notes

Levels and vault maps discovered:
D:1:      co_arrival_two_rings, layout_basic, chequers_serial_rivers_small_a
D:2:      layout_rooms, lemuel_coloured_pillars_altar, serial_aquarium,
          aquarium_bridge_straight [aquarium_subvault_bridge,
          aquarium_subvault_window, aquarium_subvault_bridge,
          aquarium_subvault_window], aquarium_bridge_square
          [aquarium_subvault_wall, aquarium_subvault_wall,
          aquarium_subvault_window, aquarium_subvault_bridge],
          aquarium_window_corner, aquarium_window_fake, aquarium_window_fake,
          aquarium_window_corner, aquarium_view_2b, aquarium_view_2d,
          aquarium_balcony_double_3, uniq_jessica

Skill      XL: |  1  2 |
---------------+-------+-----
Axes           | 2 3 |  3.7
Fighting       | |  3.0
Armour         | |  2.6
Shields        | |  2.6

Action                   || total
-------------------------++-------
Melee: War axe           ||   107
Throw: Stone             ||     6
Armor: Scale mail        ||    20
       Chain mail        ||    46
Dodge: Dodged            ||    30
Block: Kite shield       ||    67

Table legend: (Time is in decaauts)
 A = Elapsed time spent in this place.
 B = Non-inter-level travel time spent in this place.
 C = Inter-level travel time spent in this place.
 D = Time resting spent in this place.
 E = Time spent auto-exploring this place.
 F = Levels seen in this place.
 G = Mean time per level.
                   A        B        C        D        E       F      G
               +--------+--------+--------+--------+--------+-----+--------+
         Total |   1934 |   1879 |     55 |    294 |   1146 |   2 |  967.0 |
       Dungeon |   1934 |   1879 |     55 |    294 |   1146 |   2 |  967.0 |
               +--------+--------+--------+--------+--------+-----+--------+

Top non-repeatable levels by time:
     D:1: 1139 daAuts
     D:2: 795 daAuts
